TOP OF THE 1ST |
Portland Cards batting - Pitching for St Charles Sheens : RHP Tom Wallace
|
Pitching: RHP Tom Wallace
|
|
Batting: RHB Carlos Sánchez
|
0-0: Called Strike 0-1: Foul Ball, location: 2F 0-2: Strikes out swinging
|
Batting: LHB Leonardo Medina
|
0-0: Ball 1-0: Swinging Strike 1-1: Ball 2-1: Ball 3-1: Foul Ball, location: 2F 3-2: Base on Balls
|
Batting: LHB Paul Mullins
|
0-0: Grounds into double play, 3-6-3 (Groundball, 3)
|
Top of the 1st over - 0 runs, 0 hits, 0 errors, 0 left on base; Portland 0 - St Charles 0 |
BOTTOM OF THE 1ST |
St Charles Sheens batting - Pitching for Portland Cards : RHP John Drake
|
Pitching: RHP John Drake
|
|
Batting: RHB Miguel Palácios
|
0-0: Ball 1-0: Swinging Strike 1-1: Swinging Strike 1-2: Strikes out looking
|
Batting: LHB Randy Wiggins
|
0-0: Ball 1-0: Called Strike 1-1: Foul Ball, location: 2F 1-2: Ball 2-2: Ball 3-2: Foul Ball, location: 2F 3-2: Foul Ball, location: 2F 3-2: Foul Ball, location: 2F 3-2: Base on Balls
|
Batting: RHB Víctor Arredondo
|
0-0: Ball 1-0: Ball 2-0: Ball 3-0: 2-RUN HOME RUN (Flyball, 7D), Distance : 391 ft
|
Batting: RHB Ramón Molina
|
0-0: Ball 1-0: Ball 2-0: Ball 3-0: Called Strike 3-1: Called Strike 3-2: Base on Balls
|
Batting: RHB Shawn Gutiérrez
|
0-0: Ball 1-0: Foul Ball, location: 2F 1-1: Foul Ball, location: 2F 1-2: Strikes out looking
|
Batting: LHB Larry Howard
|
0-0: Ball 1-0: Ball 2-0: Foul Ball, location: 2F 2-1: Ground out 6-3 (Groundball, 6MS)
|
Bottom of the 1st over - 2 runs, 1 hit, 0 errors, 1 left on base; Portland 0 - St Charles 2 |
TOP OF THE 2ND |
Portland Cards batting - Pitching for St Charles Sheens : RHP Tom Wallace
|
Batting: SHB Giancarlo Giannini
|
0-0: Ball 1-0: Called Strike 1-1: SINGLE (Groundball, 34D)
|
Batting: RHB Peter Hensley
|
0-0: Foul Ball, location: 2F 0-1: Called Strike 0-2: Fly out, F9 (Line Drive, 9)
|
Batting: RHB Aaron Scott
|
0-0: Ball 1-0: Called Strike 1-1: Called Strike Giancarlo Giannini is caught stealing 2nd base 1-2: Fly out, F4 (Flyball, 4D)
|
Top of the 2nd over - 0 runs, 1 hit, 0 errors, 0 left on base; Portland 0 - St Charles 2 |
BOTTOM OF THE 2ND |
St Charles Sheens batting - Pitching for Portland Cards : RHP John Drake
|
Batting: RHB Sergio Pujols
|
0-0: Ground out 6-3 (Groundball, 56)
|
Batting: RHB Glen MacDonald
|
0-0: Called Strike 0-1: Ball 1-1: Ball 2-1: Ball 3-1: Swinging Strike 3-2: Fly out, F7 (Flyball, 7S)
|
Batting: RHB Salvador Rodríguez
|
0-0: Foul Ball, location: 2F 0-1: Ball 1-1: Ball 2-1: DOUBLE (Line Drive, 78D)
|
Batting: RHB Miguel Palácios
|
0-0: Ball 1-0: Called Strike 1-1: Ball 2-1: Ground out 6-3 (Groundball, 6)
|
Bottom of the 2nd over - 0 runs, 1 hit, 0 errors, 1 left on base; Portland 0 - St Charles 2 |
TOP OF THE 3RD |
Portland Cards batting - Pitching for St Charles Sheens : RHP Tom Wallace
|
Batting: RHB Norm Francis
|
0-0: Called Strike 0-1: Ball 1-1: Called Strike 1-2: Ball 2-2: Strikes out swinging
|
Batting: LHB Joel Nelson
|
0-0: Ball 1-0: Ball 2-0: SINGLE (Groundball, 4) (infield hit)
|
Batting: LHB Héctor Cruz
|
0-0: Foul Ball, location: 2F 0-1: Ball 1-1: Ball 2-1: SINGLE (Groundball, 34D) Joel Nelson to second Runner from 2nd tries for 3rd, SAFE, no throw
|
Batting: RHB Carlos Sánchez
|
0-0: Ball 1-0: Called Strike 1-1: Ball 2-1: Foul Ball, location: 2F 2-2: Strikes out swinging
|
Batting: LHB Leonardo Medina
|
0-0: Called Strike 0-1: Ball 1-1: Called Strike 1-2: Foul Ball, location: 2F 1-2: Foul Ball, location: 2F 1-2: Foul Ball, location: 2F 1-2: Ground out 4-3 (Groundball, 4)
|
Top of the 3rd over - 0 runs, 2 hits, 0 errors, 2 left on base; Portland 0 - St Charles 2 |
BOTTOM OF THE 3RD |
St Charles Sheens batting - Pitching for Portland Cards : RHP John Drake
|
Batting: LHB Randy Wiggins
|
0-0: Ball 1-0: Foul Ball, location: 2F 1-1: Foul Ball, location: 2F 1-2: Foul Ball, location: 2F 1-2: SINGLE (Groundball, 34D)
|
Pitching: RHP Robbie O'Neil
|
|
Batting: RHB Víctor Arredondo
|
0-0: Ball 1-0: Called Strike 1-1: Ball 2-1: Grounds into double play, 6-4-3 (Groundball, 6MD)
|
Batting: RHB Ramón Molina
|
0-0: Ball 1-0: Ball 2-0: Foul Ball, location: 2F 2-1: Foul Ball, location: 2F 2-2: Ball 3-2: Foul Ball, location: 2F 3-2: Base on Balls
|
Batting: RHB Shawn Gutiérrez
|
0-0: Ball 1-0: Called Strike 1-1: Foul Ball, location: 2F 1-2: Strikes out looking
|
Bottom of the 3rd over - 0 runs, 1 hit, 0 errors, 1 left on base; Portland 0 - St Charles 2 |
TOP OF THE 4TH |
Portland Cards batting - Pitching for St Charles Sheens : RHP Tom Wallace
|
Batting: LHB Paul Mullins
|
0-0: Called Strike 0-1: Ball 1-1: Called Strike 1-2: Foul Ball, location: 2F 1-2: Foul Ball, location: 2F 1-2: Ball 2-2: Ball 3-2: Fly out, F9 (Flyball, 9)
|
Batting: SHB Giancarlo Giannini
|
0-0: SINGLE (Groundball, 4D)
|
Batting: RHB Peter Hensley
|
0-0: Called Strike 0-1: Ball 1-1: Swinging Strike 1-2: Strikes out looking
|
Batting: RHB Aaron Scott
|
0-0: Ball 1-0: Ball 2-0: Ball 3-0: Base on Balls Giancarlo Giannini to second
|
Batting: RHB Norm Francis
|
0-0: Ball 1-0: Ball 2-0: Ball 3-0: Base on Balls Giancarlo Giannini to third Aaron Scott to second
|
Batting: LHB Joel Nelson
|
0-0: Ball 1-0: Ball 2-0: Ball 3-0: Ground out 6-3 (Groundball, 6M)
|
Top of the 4th over - 0 runs, 1 hit, 0 errors, 3 left on base; Portland 0 - St Charles 2 |
BOTTOM OF THE 4TH |
St Charles Sheens batting - Pitching for Portland Cards : RHP Robbie O'Neil
|
Batting: LHB Larry Howard
|
0-0: Ball 1-0: Ball 2-0: Foul Ball, location: 2F 2-1: Called Strike 2-2: Foul Ball, location: 2F 2-2: Foul Ball, location: 2F 2-2: Foul Ball, location: 2F 2-2: Strikes out swinging
|
Batting: RHB Sergio Pujols
|
0-0: Ground out 4-3 (Groundball, 4)
|
Batting: RHB Glen MacDonald
|
0-0: Ball 1-0: Called Strike 1-1: Ball 2-1: Called Strike 2-2: Ground out 4-3 (Groundball, 4)
|
Bottom of the 4th over - 0 runs, 0 hits, 0 errors, 0 left on base; Portland 0 - St Charles 2 |
TOP OF THE 5TH |
Portland Cards batting - Pitching for St Charles Sheens : RHP Tom Wallace
|
Batting: LHB Héctor Cruz
|
0-0: Ball 1-0: Ball 2-0: Foul Ball, location: 2F 2-1: Ground out U3 (Groundball, 3)
|
Batting: RHB Carlos Sánchez
|
0-0: Ball 1-0: Ground out 6-3 (Groundball, 6)
|
Batting: LHB Leonardo Medina
|
0-0: Ball 1-0: Ball 2-0: Ball 3-0: Called Strike 3-1: Foul Ball, location: 2F 3-2: Base on Balls
|
Batting: LHB Paul Mullins
|
0-0: Called Strike Throwing error on steal attempt, E2 Leonardo Medina to third 0-1: SINGLE (Groundball, 34D) Leonardo Medina scores
|
Batting: SHB Giancarlo Giannini
|
0-0: Foul Ball, location: 2F 0-1: Called Strike 0-2: Ball 1-2: Ball 2-2: Strikes out looking
|
Top of the 5th over - 1 run, 1 hit, 1 error, 1 left on base; Portland 1 - St Charles 2 |
BOTTOM OF THE 5TH |
St Charles Sheens batting - Pitching for Portland Cards : RHP Robbie O'Neil
|
Batting: RHB Salvador Rodríguez
|
0-0: Ground out 4-3 (Groundball, 4)
|
Batting: RHB Miguel Palácios
|
0-0: Called Strike 0-1: Foul Ball, location: 2F 0-2: Foul Ball, location: 2F 0-2: Foul Ball, location: 2F 0-2: Ball 1-2: Ground out 6-3 (Groundball, 6)
|
Batting: LHB Randy Wiggins
|
0-0: Called Strike 0-1: Ball 1-1: Fly out, F8 (Flyball, 8LD)
|
Bottom of the 5th over - 0 runs, 0 hits, 0 errors, 0 left on base; Portland 1 - St Charles 2 |
TOP OF THE 6TH |
Portland Cards batting - Pitching for St Charles Sheens : RHP Tom Wallace
|
Batting: RHB Peter Hensley
|
0-0: Called Strike 0-1: Ball 1-1: Called Strike 1-2: Ball 2-2: Fly out, F9 (Line Drive, 89D)
|
Batting: RHB Aaron Scott
|
0-0: Swinging Strike 0-1: Ball 1-1: Ball 2-1: Swinging Strike 2-2: Fly out, F7 (Flyball, 7S)
|
Batting: RHB Norm Francis
|
0-0: Ball 1-0: Fly out, F5 (Line Drive, 5)
|
Top of the 6th over - 0 runs, 0 hits, 0 errors, 0 left on base; Portland 1 - St Charles 2 |
BOTTOM OF THE 6TH |
St Charles Sheens batting - Pitching for Portland Cards : RHP Robbie O'Neil
|
Batting: RHB Víctor Arredondo
|
0-0: Foul Ball, location: 2F 0-1: Ball 1-1: Ball 2-1: Ball 3-1: Base on Balls
|
Batting: RHB Ramón Molina
|
0-0: Ball 1-0: Ball 2-0: Foul Ball, location: 2F 2-1: Ball 3-1: Base on Balls Víctor Arredondo to second
|
Pitching: RHP Eusébio Lagarto
|
|
Batting: RHB Shawn Gutiérrez
|
0-0: Ball 1-0: 3-RUN HOME RUN (Flyball, 78XD), Distance : 431 ft
|
Batting: LHB Larry Howard
|
0-0: Swinging Strike 0-1: Ball 1-1: Foul Ball, location: 2F 1-2: Ball 2-2: Ball 3-2: Fly out, F6 (Popup, 15)
|
Batting: RHB Sergio Pujols
|
0-0: Foul Ball, location: 2F 0-1: Foul Ball, location: 2F 0-2: SOLO HOME RUN (Flyball, 9D), Distance : 391 ft
|
Batting: RHB Glen MacDonald
|
0-0: Foul Ball, location: 2F 0-1: SINGLE (Flyball, 7LM)
|
Batting: RHB Salvador Rodríguez
|
0-0: Ball 1-0: 2-RUN HOME RUN (Flyball, 7D), Distance : 391 ft
|
Batting: RHB Miguel Palácios
|
0-0: Ball 1-0: Ball 2-0: Called Strike 2-1: Fly out, F9 (Flyball, 89M)
|
Batting: LHB Randy Wiggins
|
0-0: Called Strike 0-1: Ball 1-1: Swinging Strike 1-2: Strikes out swinging
|
Bottom of the 6th over - 6 runs, 4 hits, 0 errors, 0 left on base; Portland 1 - St Charles 8 |
TOP OF THE 7TH |
Portland Cards batting - Pitching for St Charles Sheens : RHP Tom Wallace
|
Batting: LHB Joel Nelson
|
0-0: Ball 1-0: Ball 2-0: Foul Ball, location: 2F 2-1: Fly out, F7 (Flyball, 78S)
|
Batting: LHB Héctor Cruz
|
0-0: Ball 1-0: Swinging Strike 1-1: Called Strike 1-2: Ball 2-2: Ground out 6-3 (Groundball, 6)
|
Batting: RHB Carlos Sánchez
|
0-0: Swinging Strike 0-1: DOUBLE (Line Drive, 78M)
|
Batting: LHB Leonardo Medina
|
0-0: Ball 1-0: Ball 2-0: Foul Ball, location: 2F 2-1: Fly out, F9 (Flyball, 9)
|
Top of the 7th over - 0 runs, 1 hit, 0 errors, 1 left on base; Portland 1 - St Charles 8 |
BOTTOM OF THE 7TH |
St Charles Sheens batting - Pitching for Portland Cards : RHP Eusébio Lagarto
|
Batting: RHB Víctor Arredondo
|
0-0: Ball 1-0: Ball 2-0: Ground out 5-3 (Groundball, 56)
|
Batting: RHB Ramón Molina
|
0-0: Foul Ball, location: 2F 0-1: Foul Ball, location: 2F 0-2: Ball 1-2: Ball 2-2: Fly out, F6 (Line Drive, 6)
|
Batting: RHB Shawn Gutiérrez
|
0-0: Ball 1-0: Swinging Strike 1-1: Ball 2-1: Foul Ball, location: 2F 2-2: DOUBLE (Flyball, 89D)
|
Batting: LHB Larry Howard
|
0-0: Swinging Strike 0-1: Swinging Strike 0-2: Ball 1-2: DOUBLE (Line Drive, 8LD) Shawn Gutiérrez scores
|
Batting: RHB Sergio Pujols
|
0-0: Called Strike 0-1: Ball 1-1: Fly out, F7 (Flyball, 7)
|
Bottom of the 7th over - 1 run, 2 hits, 0 errors, 1 left on base; Portland 1 - St Charles 9 |
TOP OF THE 8TH |
Portland Cards batting - Pitching for St Charles Sheens : RHP Tom Wallace
|
Batting: LHB Paul Mullins
|
0-0: Ball 1-0: Called Strike 1-1: Ball 2-1: Ball 3-1: SINGLE (Line Drive, 3)
|
Pitching: RHP Bill Chase
|
|
Batting: SHB Giancarlo Giannini
|
0-0: Called Strike 0-1: Ball 1-1: Called Strike 1-2: Ball 2-2: Ball 3-2: Base on Balls Paul Mullins to second
|
Batting: RHB Peter Hensley
|
0-0: Ball 1-0: Called Strike 1-1: Ball 2-1: Swinging Strike 2-2: Foul Ball, location: 2F 2-2: Foul Ball, location: 2F 2-2: Ball 3-2: Strikes out swinging
|
Batting: RHB Aaron Scott
|
0-0: Called Strike 0-1: SINGLE (Groundball, 6MD) Paul Mullins to third Giancarlo Giannini to second
|
Batting: RHB Norm Francis
|
0-0: Ball 1-0: Fly out, F8 (Line Drive, 8LM) Runner from 3rd tags up, SCORES, no throw
|
Batting: LHB Joel Nelson
|
0-0: 3-RUN HOME RUN (Flyball, 7D), Distance : 380 ft
|
Pitching: RHP Von Hicks
|
|
Batting: LHB Héctor Cruz
|
0-0: Ball 1-0: Ball 2-0: Ball 3-0: Called Strike 3-1: Base on Balls
|
Batting: RHB Carlos Sánchez
|
0-0: Ball 1-0: Ball 2-0: Called Strike 2-1: Called Strike 2-2: Fielders Choice at 2nd, 6-4 (Groundball, 6)
|
Top of the 8th over - 4 runs, 3 hits, 0 errors, 1 left on base; Portland 5 - St Charles 9 |
BOTTOM OF THE 8TH |
St Charles Sheens batting - Pitching for Portland Cards : RHP Eusébio Lagarto
|
Pitching: LHP Jerry Beck
|
|
Batting: RHB Glen MacDonald
|
0-0: Ball 1-0: Called Strike 1-1: SINGLE (Flyball, 8LS)
|
Batting: RHB Salvador Rodríguez
|
0-0: Fly out, F7 (Flyball, 7LM)
|
Batting: RHB Miguel Palácios
|
0-0: Ball 1-0: Ball 2-0: SINGLE (Line Drive, 34D) Glen MacDonald to second
|
Batting: LHB Randy Wiggins
|
0-0: Called Strike 0-1: Ball Wild Pitch! Glen MacDonald to third Miguel Palácios to second 1-1: DOUBLE (Groundball, 3L) Glen MacDonald scores Miguel Palácios scores
|
Batting: RHB Víctor Arredondo
|
0-0: Ball 1-0: Called Strike 1-1: Ball 2-1: Called Strike 2-2: SINGLE (Groundball, 56D) Randy Wiggins to third Runner from 3rd tries for Home, SAFE, no throw
|
Pitching: LHP Guillermo Quiñones
|
|
Batting: RHB Ramón Molina
|
0-0: Ball 1-0: Swinging Strike 1-1: Grounds into double play, 4-6-3 (Groundball, 34)
|
Bottom of the 8th over - 3 runs, 4 hits, 0 errors, 0 left on base; Portland 5 - St Charles 12 |
TOP OF THE 9TH |
Portland Cards batting - Pitching for St Charles Sheens : RHP Von Hicks
|
Batting: LHB Leonardo Medina
|
0-0: Foul Ball, location: 2F 0-1: Ball 1-1: Foul Ball, location: 2F 1-2: Foul Ball, location: 2F 1-2: Ground out U3 (Groundball, 34)
|
Batting: LHB Paul Mullins
|
0-0: Ball 1-0: Swinging Strike 1-1: Called Strike 1-2: Strikes out looking
|
Batting: SHB Giancarlo Giannini
|
0-0: Ball 1-0: Ball 2-0: Called Strike 2-1: Ball 3-1: DOUBLE (Line Drive, 89XD)
|
Batting: RHB Peter Hensley
|
0-0: Ball 1-0: SINGLE (Groundball, 4S) (infield hit) Giancarlo Giannini to third
|
Batting: RHB Aaron Scott
|
0-0: Called Strike 0-1: Swinging Strike 0-2: Strikes out swinging
|
Top of the 9th over - 0 runs, 2 hits, 0 errors, 2 left on base; Portland 5 - St Charles 12 |
|